 Dungeon Sprint DCSS version 0.18.1-6-gd335043 (webtiles) character file.

598 Hipnos the Fighter (level 7, -8/74 HPs)
             Began as a Naga Fighter on May 20, 2016.
             Was a Follower of Cheibriados.
             Mangled by Sonja
             ... wielding a +0 dagger of distortion
              (13 damage)
             ... in the Dungeon (Sprint I: "Red Sonja").
             The game lasted 00:02:23 (439 turns).

Hipnos the Fighter (Naga Fighter)                    Turns: 439, Time: 00:02:25

Health: -8/74      AC:  7    Str: 27    XL:     7   Next: 40%
Magic:  5/7        EV:  8    Int: 10    God:    Cheibriados [*.....]
Gold:   311        SH: 11    Dex: 13    Spells: 0 memorised, 6 levels left

rFire  . . .     SeeInvis +     a - +0 flail
rCold  . . .     Gourm    .     b - +0 scale mail
rNeg   . . .     Faith    .     c - +0 shield
rPois  +         Spirit   .     (no helmet)
rElec  .         Dismiss  .     (no cloak)
rCorr  .         Reflect  .     (no gloves)
SustAt .         Harm     .     (no barding)
MR     .....     NoTele   +     (no amulet)
Stlth  ..........               (no ring)
                                (no ring)

@: mighty, very slow, not resistant to hostile enchantments, extremely
unstealthy
A: see invisible, deformed body, poison resistance, slowness 2, slow metabolism
1, spit poison 2, AC +2
a: Spit Poison, Bend Time, Renounce Religion


You were in the Dungeon.
You worshipped Cheibriados.
Cheibriados was aware of your devotion.
You were not hungry.

You visited 1 branch You collected 311 gold pieces.

Inventory:

Hand Weapons
 a - a +0 flail (weapon)
Armour
 b - a +0 scale mail (worn)
 c - a +0 shield (worn)
Scrolls
 g - a scroll of remove curse {unknown}
 k - a scroll of blinking
Potions
 e - a potion of curing
 i - 2 potions of magic
Comestibles
 f - a bread ration
 l - 3 chunks of flesh


   Skills:
 + Level 8.0 Fighting
 * Level 7.9 Maces & Flails
 + Level 7.3 Armour
 + Level 2.8 Dodging
 + Level 6.3 Shields


You had 6 spell levels left.
You didn't know any spells.

Dungeon Overview and Level Annotations

Branches:
Dungeon (1/1)

Altars:
Cheibriados
Dithmenos
Elyvilon
Fedhas
Gozag
Kikubaaqudgha
Makhleb
Nemelex Xobeh
Okawaru
Pakellas
Qazlal
Ru
Sif Muna
Trog
Vehumet
Xom
Yredelemnul
Zin
The Shining One
Jiyva

Shops:
D !

Annotations:
D Sonja


Innate Abilities, Weirdness & Mutations

You cannot wear boots.
Your serpentine skin is tough (AC +2).
You have supernaturally acute eyesight.
Armour fits poorly on your strangely shaped body.
Your system is resistant to poisons.
You cover ground very slowly.
You have a slow metabolism.
You can spit poison.


Message History

Sonja gestures wildly while chanting.
Sonja blinks!
Sonja shouts, "Hah!
Missed me again!"
There is an open door here.
You closely miss Sonja.
Sonja is moderately wounded.
You have got your breath back.
Sonja unwields an uncursed blowgun.
Sonja wields an uncursed dagger of distortion.
Its appearance distorts for a moment.
Sonja closely misses you. Sonja hits you but does no damage.
Space bends around you.
* * * LOW HITPOINT WARNING * * *
You block Sonja's attack.
You miss Sonja.
Sonja is moderately wounded.
Sonja twirls her cape.
Sonja hits you but does no damage. Space warps horribly around you!
* * * LOW HITPOINT WARNING * * *
Sonja hits you but does no damage. Space warps horribly around you!
You die...

#<.#..').#..'..#__#
#..'[.#..').#..'..+
#..#####'#####'#__#
#..####..#...#.####
#..#__####..##(#
#..#_.___##'#(.+
#⌠⌠#_.∩...÷..._#
####_..._##_K#'#
#_____###@#.#
####### #.### $.$
#$.$# ##.## #+#


You could see Sonja.

Vanquished Creatures
  A slime creature (D)
  Sigmund (D)
  A yak (D)
  An ogre (D)
  A jelly (D)
  Ijyb (D)
6 creatures vanquished.

Notes
Turn   | Place    | Note
--------------------------------------------------------------
     0 | D        | Hipnos the Naga Fighter began the quest for the Orb.
     0 | D        | Reached XP level 1. HP: 21/21 MP: 1/1
     2 | D        | Noticed Ijyb
    14 | D        | Killed Ijyb
    14 | D        | Reached skill level 4 in Fighting
    14 | D        | Reached XP level 2. HP: 20/30 MP: 2/2
    14 | D        | Reached XP level 3. HP: 24/36 MP: 3/3
   109 | D        | Noticed an ogre
   116 | D        | Killed an ogre
   116 | D        | Reached skill level 5 in Fighting
   116 | D        | Reached skill level 1 in Dodging
   116 | D        | Reached XP level 4. HP: 46/46 MP: 4/4
   160 | D        | Noticed Sigmund
   173 | D        | Killed Sigmund
   173 | D        | Reached skill level 6 in Fighting
   173 | D        | Reached skill level 5 in Shields
   173 | D        | Reached XP level 5. HP: 48/56 MP: 5/5
   173 | D        | Reached XP level 6. HP: 54/63 MP: 6/6
   189 | D        | Found a snail-covered altar of Cheibriados.
   189 | D        | Found a viscous altar of Jiyva.
   189 | D        | Found a shadowy altar of Dithmenos.
   189 | D        | Found a blossoming altar of Fedhas.
   189 | D        | Noticed a slime creature
   198 | D        | Killed a slime creature
   198 | D        | Reached skill level 7 in Fighting
   198 | D        | Reached XP level 7. HP: 49/72 MP: 7/7
   200 | D        | Became a worshipper of Cheibriados the Contemplative
   202 | D        | Found a deep blue altar of Sif Muna.
   204 | D        | Found a radiant altar of Vehumet.
   237 | D        | Found Ruicheleva's Distillery.
   237 | D        | Found a white marble altar of Elyvilon.
   237 | D        | Found a stormy altar of Qazlal.
   237 | D        | Found a burning altar of Makhleb.
   237 | D        | Found a sacrificial altar of Ru.
   237 | D        | Found an oddly glowing altar of Pakellas.
   237 | D        | Found a basalt altar of Yredelemnul.
   237 | D        | Found a glowing golden altar of the Shining One.
   237 | D        | Found a sparkling altar of Nemelex Xobeh.
   237 | D        | Found a shimmering altar of Xom.
   237 | D        | Found an opulent altar of Gozag.
   237 | D        | Found an ancient bone altar of Kikubaaqudgha.
   237 | D        | Found a glowing silver altar of Zin.
   237 | D        | Noticed a yak
   253 | D        | Killed a yak
   253 | D        | Reached * piety under Cheibriados
   253 | D        | Reached skill level 8 in Fighting
   254 | D        | Found an iron altar of Okawaru.
   257 | D        | Found a bloodstained altar of Trog.
   427 | D        | Noticed Sonja
   439 | D        | Mangled by Sonja

Skill      XL: |  1  2  3  4  5  6  7 |
---------------+----------------------+-----
Fighting       | 4 5 6 7 8 |  8.0
Maces & Flails | 3 4 6 7 |  7.9
Armour         | 3 4 6 7 |  7.3
Shields        | 3 4 5 6 |  6.3
Dodging        | 1 2 |  2.8

Action                   |  1- 3 |  4- 6 |  7- 9 || total
-------------------------+-------+-------+-------++-------
Melee: Flail             |    16 |    20 |    23 ||    59
Invok: Bend Time         |       |       |     1 ||     1
 Abil: Spit Poison       |       |       |     2 ||     2
  Use: Potion            |     2 |     1 |     1 ||     4
Armor: Scale mail        |     2 |     4 |    10 ||    16
Dodge: Dodged            |     6 |     1 |    10 ||    17
Block: Shield            |     5 |     2 |    17 ||    24
